 Dungeon Crawl Stone Soup version 0.24-a0-762-gca426f5 (webtiles) character file.

Game seed: 13234292915742373995, levelgen mode: deterministic

4051 2tousent the Archer (level 10, -3/86 HPs)
             Began as a Centaur Hunter on Oct 3, 2019.
             Was a Believer of Fedhas.
             Killed from afar by an electric eel (8 damage)
             ... with a bolt of electricity
             ... while paralysed by a centaur
             ... on level 8 of the Dungeon.
             The game lasted 00:38:10 (11402 turns).

2tousent the Archer (Centaur Hunter)               Turns: 11402, Time: 00:38:11

Health: -3/86      AC:  9    Str: 14    XL:     10   Next: 4%
Magic:  10/10      EV:  1    Int: 10    God:    Fedhas [**....]
Gold:   485        SH:  0    Dex: 14    Spells: 9/9 levels left

rFire    . . .     SeeInvis .   b - +0 spear
rCold    . . .     Gourm    .   (no shield)
rNeg     . . .     Faith    .   E - +0 ring mail
rPois    .         Spirit   .   v - +1 helmet
rElec    .         Reflect  .   x - +0 cloak
rCorr    .         Harm     .   w - +0 pair of gloves
MR       .....                  (no barding)
Stlth    ..........             (no amulet)
HPRegen  0.24/turn              (no ring)
MPRegen  0.12/turn              (no ring)

@: paralysed, heavily drained, very quick
A: large, hooves 3, deformed body, speed 2, tough skin 3
a: Wall of Briars, Renounce Religion


You were on level 8 of the Dungeon.
You worshipped Fedhas.
Fedhas was pleased with you.
You were not hungry.

You visited 2 branches of the dungeon, and saw 9 of its levels.
You also visited: Ossuary.

You collected 485 gold pieces.

Inventory:

Hand Weapons
 a - a +2 shortbow
 b - a +0 spear (weapon)
 h - a +0 short sword
Missiles
 d - 101 arrows
 y - a throwing net (quivered)
Armour
 c - a +0 leather armour
 g - a +0 pair of gloves
 j - +0 storm dragon scales
 v - a +1 helmet (worn)
 w - a +0 pair of gloves (worn)
 x - a +0 cloak (worn)
 E - a +0 ring mail (worn)
Jewellery
 z - an uncursed amulet of harm {unknown}
 C - an uncursed ring of ice {unknown}
Wands
 k - a wand of acid (1)
 B - a wand of enslavement (10)
Scrolls
 e - 5 scrolls of remove curse
 i - 2 scrolls of teleportation
 l - a scroll of magic mapping
 o - 3 scrolls of identify
 r - 2 scrolls of fear
 s - 3 scrolls of amnesia {unknown}
 u - 3 scrolls of enchant weapon
 D - 2 scrolls of enchant armour
 G - a scroll of silence {unknown}
Potions
 m - 2 potions of agility {unknown}
 n - 4 potions of lignification {unknown}
 p - a potion of haste
 q - 2 potions of magic
 t - 3 potions of heal wounds
 A - 2 potions of might {unknown}
 F - a potion of resistance {unknown}
 H - a potion of berserk rage
 I - a potion of flight {unknown}
Comestibles
 f - 16 rations
 J - 3 chunks of flesh


   Skills:
 + Level 7.3(4.9) Fighting
 * Level 6.2(3.9) Polearms
 * Level 11.4(8.8) Bows
 - Level 3.0(0.8) Armour
 - Level 4.3(2.1) Dodging
 - Level 0.4(0.0) Stealth
 + Level 0.9(0.0) Invocations


You had 9 spell levels left.
You didn't know any spells.
Your spell library was empty.

Dungeon Overview and Level Annotations

Branches:
Dungeon (8/15)             Temple (1/1) D:6         Ossuary (visited)
   Lair: D:8-11

Altars:
Ashenzari
Cheibriados
Dithmenos
Elyvilon
Fedhas
Gozag
Hepliaklqana
Kikubaaqudgha
Makhleb
Nemelex Xobeh
Okawaru
Qazlal
Ru
Sif Muna
Trog
Uskayaw
Vehumet
Wu Jian
Xom
Yredelemnul
Zin
The Shining One


Innate Abilities, Weirdness & Mutations

You have hooves in place of feet.
Armour fits poorly on your strangely shaped body.
You cover ground very quickly.
You have extremely tough skin. (AC +3)


Message History

* * * LOW HITPOINT WARNING * * *
You feel drained.
* * * LOW HITPOINT WARNING * * *
The electric eel shoots out a bolt of lightning at you!
The bolt of electricity hits the centaur.
The centaur resists.
The bolt of electricity hits you!
* * * LOW HITPOINT WARNING * * *
The centaur hits you but does no damage.
You feel drained.
The centaur hits you with a +2 dagger of draining.
* * * LOW HITPOINT WARNING * * *
You feel drained.
The centaur hits you with a +2 dagger of draining.
* * * LOW HITPOINT WARNING * * *
You feel drained.
The electric eel shoots out a bolt of lightning at you!
The bolt of electricity hits the centaur.
The centaur resists.
The bolt of electricity hits you!
You die...
Fedhas appreciates your contribution to the ecosystem.

#######>####.#####
.................#
#######.####.###(#
....#......#.#
#......#.#.#.#
'..#.####.#.#.#
.##.#....#.#.#.# .
#.####.#.#.#.#
#.....#@# #
########.###c#+##+#
.
...c.....#.........#
##.
######...((((......#
... #####(........#
...
...........((....
...
...≈≈.≈..≈...(###
... .≈≈;;;≈(.≈......
..T ≈≈≈≈≈≈≈≈≈≈.(...#


You could see a centaur and 2 electric eels.

Vanquished Creatures
  A troll (D:8)
  Prince Ribbit (D:5)
  A hippogriff (D:7)
  4 hogs (D:7)
  A human (D:7)
  A hungry ghost (D:8)
  Edmund (D:6)
  Menkaure (D:6)
  A phantom (D:4)
  A necrophage (D:6)
  2 wolves (D:8)
  An ogre (D:8)
  A centaur (D:6)
  3 bullfrogs
  A water moccasin zombie (D:7)
  A scorpion (D:6)
  3 killer bees (D:8)
  4 wights (D:7)
  A howler monkey (D:4)
  2 crimson imps (D:7)
  A centaur zombie (D:5)
  A quasit (D:6)
  8 hounds
  A jelly (D:8)
  4 orc priests
  A bullfrog skeleton (D:4)
  An iguana (D:5)
  An orc wizard (D:5)
  Jessica (D:2)
  Ijyb (D:5)
  Terence (D:3)
  5 worker ants
  2 hound skeletons
  14 mummies (Ossuary)
  A worker ant zombie (D:5)
  Robin (D:3)
  9 adders
  A shadow imp (D:6)
  2 oozes (D:1)
  2 adder zombies (D:5)
  4 worms
  5 leopard geckos
  10 orcs
  5 giant cockroaches
  16 goblins
  10 hobgoblins
  9 jackals
  14 kobolds
  2 quokkas
  A ball python (D:1)
  6 bats
  3 frilled lizards (D:1)
  3 goblin skeletons (Ossuary)
  2 kobold skeletons (Ossuary)
  2 orc skeletons (Ossuary)
  A quokka zombie (D:8)
  7 rats
  11 rat skeletons (Ossuary)
  A rat zombie (D:8)
202 creatures vanquished.

Vanquished Creatures (others)
  A goblin skeleton (Ossuary)
1 creature vanquished.

Grand Total: 203 creatures vanquished

Notes
Turn   | Place    | Note
-------+----------+-------------------------------------------
     0 | D:1      | 2tousent the Centaur Hunter began the quest for the Orb.
     0 | D:1      | Reached XP level 1. HP: 17/17 MP: 1/1
    39 | D:1      | Reached XP level 2. HP: 24/24 MP: 2/2
   432 | D:1      | Reached skill level 6 in Bows
   446 | D:1      | Reached XP level 3. HP: 25/30 MP: 3/3
  1023 | D:2      | Noticed Jessica
  1033 | D:2      | Killed Jessica
  1033 | D:2      | Reached XP level 4. HP: 36/37 MP: 4/4
  1155 | D:2      | Reached skill level 1 in Polearms
  1954 | D:3      | Noticed Terence
  1961 | D:3      | Killed Terence
  1961 | D:3      | Reached XP level 5. HP: 45/45 MP: 5/5
  2035 | D:3      | Reached skill level 7 in Bows
  2244 | D:3      | Noticed Robin
  2286 | D:3      | Killed Robin
  2697 | D:4      | Reached XP level 6. HP: 51/51 MP: 6/6
  3226 | D:4      | Reached skill level 8 in Bows
  3372 | D:4      | Reached XP level 7. HP: 30/58 MP: 7/7
  3543 | D:4      | Found a bloodstained altar of Trog.
  3984 | D:5      | Entered Level 5 of the Dungeon
  4076 | D:5      | Found a hide-covered altar of Uskayaw.
  4126 | D:5      | Noticed Prince Ribbit
  4202 | D:5      | Killed Prince Ribbit
  5262 | D:5      | Noticed Ijyb
  5275 | D:5      | HP: 1/90 [acid (9)]
  5278 | D:5      | Killed Ijyb
  5704 | D:5      | Reached skill level 9 in Bows
  5704 | D:5      | Reached skill level 1 in Armour
  6277 | D:6      | Reached XP level 8. HP: 47/67 MP: 8/8
  6617 | D:6      | Noticed Menkaure
  6635 | D:6      | Killed Menkaure
  6635 | D:6      | Reached skill level 5 in Fighting
  6910 | D:6      | Found a staircase to the Ecumenical Temple.
  6919 | Temple   | Entered the Ecumenical Temple
  6979 | Temple   | Became a worshipper of Fedhas Madash
  7052 | D:6      | Noticed Edmund
  7093 | D:6      | Killed Edmund
  7656 | D:7      | Reached skill level 10 in Bows
  8078 | D:7      | Reached XP level 9. HP: 63/74 MP: 9/9
  8168 | D:7      | Reached * piety under Fedhas
  8257 | D:7      | Reached skill level 5 in Polearms
  8859 | D:8      | Found a sand-covered staircase.
  9065 | Ossuary  | Entered an ossuary
  9739 | D:8      | Noticed a troll
  9848 | D:8      | Reached ** piety under Fedhas
 10286 | D:7      | Reached skill level 11 in Bows
 10764 | D:8      | HP: 2/79 [troll (8)]
 10772 | D:8      | Killed a troll
 11352 | D:8      | Reached XP level 10. HP: 82/86 MP: 10/10
 11378 | D:8      | Identified the +0 robe of the Trees {rElec MR+}
 11398 | D:8      | Paralysed by a centaur for 6 turns
 11402 | D:8      | Killed from afar by an electric eel

Levels and vault maps discovered:
D:1:      saegor_arrival_simple_a, layout_basic
D:2:      layout_loops_ring, minmay_worlds_worst_comb, uniq_jessica
D:3:      layout_basic, uniq_terence, uniq_robin
D:4:      layout_layer_cave, first_ration, wad_floor_pattern_2,
          minmay_door_square, trog_hazing_becter
D:5:      layout_layer_cave, kennysheep_mini_moat, uniq_prince_ribbit1,
          uniq_ijyb
D:6:      layout_loops_cross, temple_pool_b, uniq_menkaure, uniq_edmund
D:7:      layout_cave_pods, minmay_misc_feat_nine_boxes, grunt_livestock
D:8:      layout_basic, erik_lair_island, serial_shops,
          nicolae_shop_behind_doors, enter_ossuary_4, uniq_erica
Temple:   dpeg_three_leaves_temple

Skill      XL: |  1  2  3  4  5  6  7  8  9 |
---------------+----------------------------+-----
Bows           | 6 7 8 9 10 11 | 11.4
Dodging        | 2 3 4 |  4.3
Polearms       | 1 2 3 4 6 |  6.2
Fighting       | 3 4 5 7 |  7.3
Armour         | 1 2 3 |  3.0
Stealth        | |  0.4
Invocations    | |  0.9

Action                   |  1- 3 |  4- 6 |  7- 9 | 10-12 || total
-------------------------+-------+-------+-------+-------++-------
Melee: Spear             |    63 |   215 |   584 |    16 ||   878
       Kick              |     9 |    45 |   138 |     2 ||   194
 Fire: Shortbow          |    33 |    60 |   246 |    21 ||   360
Throw: Throwing net      |       |       |     2 |       ||     2
Evoke: Wand              |       |       |     1 |       ||     1
  Use: Scroll            |       |       |    15 |       ||    15
       Potion            |       |       |     6 |       ||     6
  Eat: Chunk             |       |     6 |    15 |       ||    21
       Ration            |       |       |     2 |       ||     2
Armor: Leather armour    |    30 |    67 |    98 |       ||   195
       Ring mail         |       |       |    58 |    13 ||    71
Dodge: Dodged            |    24 |    93 |   238 |    13 ||   368

Table legend:
 A = Non-vault XP
 B = Vault XP
 C = Vault XP percentage of total XP
 D = Non-vault monster count
 E = Vault monster count
 F = Vault count percentage of total count
                 A         B        C        D         E       F
            +---------+---------+-------+---------+---------+-------
      Total |    3029 |    2759 |  47.7 |     129 |      73 |  36.1
            +---------+---------+-------+---------+---------+-------
        D:1 |      58 |       0 |   0.0 |      29 |       0 |   0.0
        D:2 |      27 |      41 |  60.3 |       9 |       3 |  25.0
        D:3 |     146 |      73 |  33.3 |      26 |      14 |  35.0
        D:4 |     409 |       9 |   2.2 |       9 |       6 |  40.0
        D:5 |     318 |     322 |  50.3 |      18 |       2 |  10.0
        D:6 |     703 |     348 |  33.1 |      18 |       2 |  10.0
        D:7 |     730 |     991 |  57.6 |      12 |       5 |  29.4
        D:8 |     638 |     709 |  52.6 |       8 |       9 |  52.9
    Ossuary |       0 |     266 | 100.0 |       0 |      32 | 100.0
            +---------+---------+-------+---------+---------+-------
